 Dungeon Crawl Stone Soup version 0.21.1-1-g345015f (webtiles) character file.

26 Monsterracer the Digger (level 3, -1/24 HPs)
             Began as a Formicid Earth Elementalist on June 19, 2018.
             Slain by a hobgoblin
             ... wielding a +0 club
              (6 damage)
             ... on level 1 of the Dungeon.
             The game lasted 00:01:26 (919 turns).

Monsterracer the Digger (FoEE)                       Turns: 919, Time: 00:01:27

Health: -1/24      AC:  2    Str: 12    XL:     3   Next: 22%
Magic:  1/7        EV: 12    Int: 15    God:
Gold:   0          SH:  0    Dex: 11    Spells: 3/7 levels left

rFire    . . .     SeeInvis +   g - +0 dagger
rCold    . . .     Gourm    .   (no shield)
rNeg     . . .     Faith    .   d - +0 robe
rPois    .         Spirit   .   (helmet unavailable)
rElec    .         Reflect  .   (no cloak)
rCorr    .         Harm     .   (no gloves)
MR       .....                  (no boots)
Stlth    ++........             (no amulet)
HPRegen  0.08/turn              (no ring)
MPRegen  0.10/turn              (no ring)

@: no status effects
A: permanent stasis, dig shafts and tunnels, four strong arms, antennae 3
a: Dig, Shaft Self


You were on level 1 of the Dungeon.
You were not hungry.

You visited 1 branch of the dungeon, and saw 1 of its levels.

Inventory:

Hand Weapons
 g - a +0 dagger (weapon)
Missiles
 b - 5 stones (quivered)
Armour
 d - a +0 robe (worn)
Scrolls
 a - 2 scrolls of remove curse {unknown}
 f - a scroll of identify {unknown}
Books
 e - a book of Geomancy

   Spells                             Type                      Level
   a - Sandblast                      Earth                        1
   b - Passwall                       Transmutation/Earth          2
   c - Stone Arrow                    Conjuration/Earth            3
   d - Petrify                        Transmutation/Earth          4
   e - Lee's Rapid Deconstruction     Earth                        5
Comestibles
 c - a ration


   Skills:
 - Level 1.7 Dodging
 - Level 2.4 Stealth
 + Level 2.7 Spellcasting
   Level 1.1 Transmutations
 * Level 4.6 Earth Magic


You had 3 spell levels left.
You knew the following spells:

 Your Spells              Type           Power        Failure   Level  Hunger
a - Sandblast             Erth           ###...       3%          1    #......
c - Stone Arrow           Conj/Erth      #.....       24%         3    ###....


Dungeon Overview and Level Annotations

Branches:
Dungeon (1/15)

Altars:


Innate Abilities, Weirdness & Mutations

You cannot be hasted, slowed, berserked, paralysed or teleported.
You can dig through walls and to a lower floor.
Your four strong arms can wield two-handed weapons with a shield.
You have a pair of large antennae on your head. (SInv)


Message History

You closely miss the giant cockroach.
The giant cockroach is moderately wounded.
The giant cockroach closely misses you.
You hit the giant cockroach.
The giant cockroach is severely wounded.
The giant cockroach closely misses you. The giant cockroach misses you.
You hit the giant cockroach but do no damage.
The giant cockroach is heavily wounded.
The giant cockroach closely misses you.
A giant cockroach is nearby!
A giant cockroach is nearby!
You hit the giant cockroach.
The giant cockroach is almost dead.
The giant cockroach bites you but does no damage.
You hit the giant cockroach but do no damage.
The giant cockroach is almost dead.
The giant cockroach bites you.
You take 1 damage, and have 18/24 hp.
You hit the giant cockroach but do no damage.
The giant cockroach is almost dead.
The giant cockroach bites you.
You take 1 damage, and have 17/24 hp.
You hit the giant cockroach.
You kill the giant cockroach!
You see here a giant cockroach corpse.
HP restored.
A hobgoblin comes into view. It is wielding a club.
The hobgoblin moves out of view.
Health restored: 24; MP restored: 7 You sense a monster nearby.
You sense a monster nearby.
The hobgoblin shouts!
The jackal is too close now for your liking.
There are monsters nearby!
A bat comes into view.
The bat moves out of view.
Casting: Sandblast
Confirm with . or Enter, or press ? or * to list all spells.
Aiming: Sandblast
Press: ? - help, Shift-Dir - straight line, f - hobgoblin
Aim: a hobgoblin, wielding a club and wearing a chain mail The blast of sand hits the hobgoblin.
b - 10 stones You now have 6/7 mp.
You hit the hobgoblin but do no damage. The hobgoblin hits you with a club.
You take 1 damage, and have 23/24 hp.
Casting: Sandblast
Confirm with . or Enter, or press ? or * to list all spells.
Aiming: Sandblast
Press: ? - help, Shift-Dir - straight line, f/p - hobgoblin
Aim: a hobgoblin, wielding a club and wearing a chain mail The blast of sand hits the hobgoblin.
b - 9 stones The hobgoblin hits you with a club!
You take 8 damage, and have 15/24 hp.
MASSIVE DAMAGE!!
You now have 5/7 mp.
Casting: Sandblast
Confirm with . or Enter, or press ? or * to list all spells.
Aiming: Sandblast
Press: ? - help, Shift-Dir - straight line, f/p - hobgoblin
Aim: a hobgoblin, wielding a club and wearing a chain mail The blast of sand hits the hobgoblin.
b - 8 stones The hobgoblin hits you with a club.
* * * LOW HITPOINT WARNING * * *
You take 4 damage, and have 11/24 hp.
You now have 4/7 mp.
Casting: Sandblast
Confirm with . or Enter, or press ? or * to list all spells.
Aiming: Sandblast
Press: ? - help, Shift-Dir - straight line, f/p - hobgoblin
Aim: a hobgoblin, wielding a club and wearing a chain mail
Okay, then.
Casting: Sandblast
Confirm with . or Enter, or press ? or * to list all spells.
Aiming: Sandblast
Press: ? - help, Shift-Dir - straight line, f/p - hobgoblin
Aim: a hobgoblin, wielding a club and wearing a chain mail The blast of sand misses the hobgoblin.
The blast of sand hits the bat.
You kill the bat!
b - 7 stones The hobgoblin barely misses you.
You now have 3/7 mp.
Casting: Sandblast
Confirm with . or Enter, or press ? or * to list all spells.
Aiming: Sandblast
Press: ? - help, Shift-Dir - straight line, f/p - hobgoblin
Aim: a hobgoblin, wielding a club and wearing a chain mail The blast of sand hits the hobgoblin.
b - 6 stones The hobgoblin hits you with a club.
* * * LOW HITPOINT WARNING * * *
You take 6 damage, and have 5/24 hp.
MASSIVE DAMAGE!!
You now have 2/7 mp.
Casting: Sandblast
Confirm with . or Enter, or press ? or * to list all spells.
Aiming: Sandblast
Press: ? - help, Shift-Dir - straight line, f/p - hobgoblin
Aim: a hobgoblin, wielding a club and wearing a chain mail The blast of sand hits the hobgoblin.
b - 5 stones The hobgoblin hits you with a club.
You die...

..'....................
.....
###.....#####.######'##
#.... ................
# #.###
#######.#####.####.#.
#.# #..##.......... ..#
##.##....###.#
#...........#.
##..##........
#..##@.......
##'##g#......
....†.......
............
.............
........##### ....#....
.....#.....


You could see a hobgoblin.

Vanquished Creatures
  A dart slug (D:1)
  A leopard gecko (D:1)
  2 giant cockroaches (D:1)
  2 goblins (D:1)
  A hobgoblin (D:1)
  9 jackals (D:1)
  2 bats (D:1)
  A rat (D:1)
19 creatures vanquished.

Notes
Turn   | Place    | Note
-------+----------+-------------------------------------------
     0 | D:1      | Monsterracer the Formicid Earth Elementalist began the quest for the Orb.
     0 | D:1      | Reached XP level 1. HP: 13/13 MP: 3/3
    40 | D:1      | HP: 6/13 [leopard gecko (4)]
   266 | D:1      | Reached skill level 4 in Earth Magic
   266 | D:1      | Reached XP level 2. HP: 18/19 MP: 3/5
   292 | D:1      | HP: 9/19 [jackal (2)]
   297 | D:1      | HP: 7/19 [jackal (1)]
   521 | D:1      | HP: 9/19 [goblin/dagger (4)]
   703 | D:1      | Reached XP level 3. HP: 22/24 MP: 0/6
   712 | D:1      | Learned a level 3 spell: Stone Arrow
   916 | D:1      | HP: 11/24 [hobgoblin/club (4)]
   918 | D:1      | HP: 5/24 [hobgoblin/club (6)]
   919 | D:1      | Slain by a hobgoblin

Skill      XL: |  1 |
---------------+----+-----
Earth Magic    | 4 |  4.6
Dodging        | |  1.7
Stealth        | |  2.4
Spellcasting   | |  2.7
Transmutations | |  1.1

Action                   || total
-------------------------++-------
Melee: Unarmed           ||    17
       Dagger            ||    22
 Cast: Sandblast         ||    25
 Abil: Dig               ||     1
Armor: Robe              ||    10
Dodge: Dodged            ||    37

Vault maps used:
D:1:      nzn_arrival_depleted_hourglass
